 Dungeon Crawl Stone Soup version 0.31.0-11-ge490571c62 (webtiles) character file.

Game seed: 6168141203614997307

73 Silvore the Trooper (level 4, 0/35 HPs)
             Began as a Demonspawn Fighter on Feb 10, 2024.
             Slain by Sigmund
             ... wielding a +0 scythe of protection
              (10 damage)
             ... on level 2 of the Dungeon.
             The game lasted 00:02:24 (1254 turns).

Silvore the Trooper (Demonspawn Fighter)            Turns: 1254, Time: 00:02:25

Health: 0/35       AC:  9    Str: 18    XL:     4   Next: 8%
Magic:  4/4        EV: 14    Int: 14    God:
Gold:   106        SH:  4    Dex: 13    Spells: 3/3 levels left

rFire   . . .        a - +0 long sword
rCold   . . .        c - +0 buckler
rNeg    . . .        b - +0 scale mail
rPois   .            (no helmet)
rElec   .            (no cloak)
rCorr   .            (no gloves)
SInv    .            k - +0 pair of boots
Will    .....        (no amulet) Stlth
                     h - +5 ring of evasion
HPRegen 0.25/turn    i - +6 ring of intelligence
MPRegen 0.09/turn

%: no passive effects
@: mighty
A: slimy green scales 1
a: no special abilities


You were on level 2 of the Dungeon.
You visited 1 branch of the dungeon, and saw 2 of its levels.

You collected 106 gold pieces.

Inventory:

Hand Weapons
 a - a +0 long sword (weapon)
Armour
 b - a +0 scale mail (worn)
 c - a +0 buckler (worn)
 k - a +0 pair of boots (worn)
Jewellery
 h - a +5 ring of evasion (left hand)
 i - a +6 ring of intelligence (right hand)
Scrolls
 f - 2 scrolls of identify {unknown}
 j - a scroll of teleportation {unknown}
 l - a scroll of enchant armour {unknown}
 m - a scroll of silence {unknown}
 n - a scroll of immolation {unknown}
Potions
 e - 2 potions of degeneration {unknown}
 g - 2 potions of attraction {unknown}


   Skills:
 + Level 3.3 Fighting
 + Level 2.8 Long Blades
 + Level 3.1 Armour
 + Level 0.7 Dodging
 + Level 3.0 Shields


You had 3 spell levels left.
You didn't know any spells.
Your spell library contained the following spells:

 Spells                   Type           Power      Damage    Failure   Level
 Lesser Beckoning         Tloc           0%         N/A       86%         2
 Gell's Gravitas          Tloc           0%         N/A       98%         3
 Teleport Other           Tloc           0%         N/A       98%         3


Dungeon Overview and Level Annotations

Branches:
Dungeon (2/15)

Altars:

Shops:
D:2 *

Annotations:
D:2 Sigmund


Innate Abilities, Weirdness & Mutations

You are partially covered in slimy green scales. (AC +2)


Message History

You feel less confused. Something closely misses you.
The ribbon worm misses you.
You feel very mighty all of a sudden.
You hear some strange, mumbled words.
You are confused.
You slash the ribbon worm!
The ribbon worm is severely wounded.
The ribbon worm bites you but does no damage.
Something hits you.
You closely miss something.
The ribbon worm expels a string of sticky webbing.
The stream of webbing misses you. Something hits you!
You slash the plant!
The plant begins to die.
The plant is lightly damaged.
The ribbon worm bites you but does no damage.
Something barely misses you.
You closely miss the ribbon worm.
The ribbon worm is heavily wounded.
The ribbon worm expels a string of sticky webbing.
The stream of webbing hits you but does no damage.
You are caught in a web!
Unknown command.
The web tears apart.
You feel less confused.
You hear some strange, mumbled words.
You are confused.
The ribbon worm bites you but does no damage.
You slash the ribbon worm!
You kill the ribbon worm!
A nearby plant withers and dies.
Something hits you! Something hits you.
* * * LOW HITPOINT WARNING * * *
Something barely misses you.
You see here 9 gold pieces.
Unknown command.
You closely miss something. Something hits you but does no damage.
You feel less confused. Something barely misses you. Something hits you!
You die...

####### ####
###.....##...
.....PP.#>.# ...?P∩P...#
....P....#
.......@################
.......{................
......<.################
........# ........#
###...... #......
########
#......########.......
#.....................


There were no monsters in sight!

Vanquished Creatures
  An adder (D:2)
  3 ribbon worms (D:2)
  6 endoplasms
  5 giant cockroaches
  5 goblins
  5 hobgoblins
  A jackal (D:2)
  2 quokkas
  3 ball pythons
  8 bats
  3 frilled lizards
  2 kobolds (D:2)
  9 rats
53 creatures vanquished.

Notes
Turn   | Place    | Note
-------+----------+-------------------------------------------
     0 | D:1      | Silvore the Demonspawn Fighter began the quest for the Orb.
     0 | D:1      | Reached XP level 1. HP: 18/18 MP: 1/1
   196 | D:1      | Gained mutation: You are partially covered in slimy green
                  | scales. (AC +2) [demonic ancestry]
   196 | D:1      | Reached XP level 2. HP: 17/24 MP: 2/2
   577 | D:1      | Reached XP level 3. HP: 29/29 MP: 3/3
  1181 | D:2      | Reached XP level 4. HP: 31/35 MP: 4/4
  1233 | D:2      | Noticed Sigmund
  1235 | D:2      | Found Narchoiw's Assorted Antiques.
  1254 | D:2      | Slain by Sigmund

Illustrated notes

Levels and vault maps discovered:
D:1:      dpeg_arrival_chambers_temple_mockup, layout_basic
D:2:      minmay_inner_zag, layout_rooms, serial_shops,
          nicolae_shop_overgrown_old_shop, minmay_between, uniq_sigmund

Skill      XL: |  1  2  3 |
---------------+----------+-----
Armour         | 3 |  3.1
Long Blades    | 2 |  2.8
Shields        | 3 |  3.0
Fighting       | |  3.3
Dodging        | |  0.7

Action                     |  1- 3 |  4- 6 || total
---------------------------+-------+-------++-------
  Melee: Long sword        |   153 |    12 ||   165
    Use: Scroll            |     1 |       ||     1
         Potion            |       |     1 ||     1
 Armour: Scale mail        |    89 |    11 ||   100
  Dodge: Dodged            |   123 |    11 ||   134
  Block: Buckler           |    39 |     2 ||    41
